 Dungeon Crawl Stone Soup version 0.24.1 (webtiles) character file.

Game seed: 14921316792659716961, levelgen mode: deterministic

55270 honlan the Fighter (level 14, -10/106 HPs)
             Began as an Octopode Fighter on Mar 22, 2020.
             Was the Champion of Fedhas.
             Mangled by a deep elf archer
             ... wielding a +0 short sword
              (21 damage)
             ... on level 1 of the Elven Halls.
             The game lasted 01:59:17 (26850 turns).

honlan the Fighter (Octopode Fighter)              Turns: 26850, Time: 01:59:17

Health: -10/106    AC:  1    Str: 24    XL:     14   Next: 76%
Magic:  29/29      EV: 17    Int: 13    God:    Fedhas [******]
Gold:   1352       SH:  0    Dex:  8    Spells: 9/18 levels left

rFire    . . .     SeeInvis .   b - +9 trident of Royalism {venom, +Fly rC+ Str-2 Int+3}
rCold    + . .     Gourm    +   E - +0 shield
rNeg     + + .     Faith    .   (helmet restricted)
rPois    +         Spirit   .   y - amulet of the gourmand
rElec    .         Reflect  .   j - +2 ring of strength
rCorr    .         Harm     .   p - +2 ring of strength
MR       ++++.                  G - +4 ring of evasion
Stlth    +++.......             P - ring of protection from magic
HPRegen  0.27/turn              x - ring of the Prince of Darkness {rPois rN++ MP+9 Str+3 Dex-5}
MPRegen  0.21/turn              q - ring of protection from magic
                                (no ring)
                                R - ring of protection from magic

@: confused, about to teleport, very slightly contaminated, studying Throwing
A: almost no armour, stealthy swim, amphibious, 8 rings, constrict 8, camouflage
1, gelatinous body 1
a: Wall of Briars, Grow Ballistomycete, Overgrow, Grow Oklob, Renounce Religion,
Evoke Flight


You were on level 1 of the Elven Halls.
You worshipped Fedhas.
Fedhas was exalted by your worship.
You were completely stuffed.

You visited 5 branches of the dungeon, and saw 20 of its levels.
You also visited: Ossuary, Gauntlet and Ice Cave.

You collected 2867 gold pieces.
You spent 1515 gold pieces at shops.

Inventory:

Hand Weapons
 a - a +5 short sword of electrocution
 b - the +9 trident of Royalism (weapon) {venom, +Fly rC+ Str-2 Int+3}
   (You found it on level 7 of the Dungeon)

   It poisons the flesh of those it strikes.
   It affects your strength (-2).
   It affects your intelligence (+3).
   It protects you from cold.
   It lets you fly.
 s - the +0 rapier "Luugo" {pierce, rElec rPois rF+}
   (You found it on level 4 of the Dungeon)

   It inflicts extra damage upon your enemies.
   It protects you from fire.
   It insulates you from electricity.
   It protects you from poison.
 J - the +0 staff of Battle
   (You found it on level 5 of the Dungeon)
 V - a +2 trident of holy wrath
Missiles
 i - 30 boomerangs
 u - 7 javelins
 A - 5 curare-tipped darts
 D - 4 throwing nets
 U - 15 poisoned darts (quivered)
Armour
 E - a +0 shield (worn)
Jewellery
 j - a +2 ring of strength (left tentacle)
 p - a +2 ring of strength (right tentacle)
 q - a ring of protection from magic (on tentacle)
 x - the ring of the Prince of Darkness (on tentacle) {rPois rN++ MP+9 Str+3 Dex-5}
   (You bought it in a shop on level 2 of the Orcish Mines)

   [ring of magical power]

   It affects your strength (+3).
   It affects your dexterity (-5).
   It protects you from poison.
   It greatly protects you from negative energy.
   It affects your magic capacity (+9).
 y - an amulet of the gourmand (around mantle)
 G - a +4 ring of evasion (on tentacle)
 P - a ring of protection from magic (on tentacle)
 R - a ring of protection from magic (on tentacle)
 W - the ring "Nethryij" {+Blink rPois rF- Str+3 Slay+5}
   (You bought it in a shop on level 2 of the Orcish Mines)

   [ring of poison resistance]

   It affects your strength (+3).
   It affects your accuracy and damage with ranged weapons and melee attacks
   (+5).
   It makes you vulnerable to fire.
   It protects you from poison.
   It lets you blink.
Wands
 t - a wand of polymorph (6)
 B - a wand of enslavement (3)
 I - a wand of iceblast (17)
 L - a wand of digging (7)
 M - a wand of disintegration (11)
 S - a wand of acid (7)
 T - a wand of flame (24)
Scrolls
 e - 2 scrolls of fog
 k - 3 scrolls of amnesia
 l - 4 scrolls of teleportation
 n - 4 scrolls of magic mapping
 r - 6 scrolls of remove curse
 v - 3 scrolls of enchant armour
 F - 3 scrolls of identify
Potions
 c - 3 potions of might
 f - 3 potions of flight
 m - 2 potions of haste
 o - 3 potions of magic
 w - 2 potions of lignification
 z - a potion of cancellation
 C - a potion of agility
 K - 2 potions of resistance {unknown}
 N - 2 potions of curing
 O - a potion of ambrosia
Books
 H - a manual of Throwing
Comestibles
 d - 26 rations
 g - 2 chunks of flesh


   Skills:
 * Level 13.5 Fighting
 - Level 7.5 Short Blades
 * Level 11.3 Polearms
 - Level 9.2 Throwing
 + Level 5.5 Dodging
 - Level 11.2 Stealth
 - Level 8.0 Shields
 * Level 2.6 Spellcasting
 * Level 2.7 Conjurations
 - Level 0.6 Hexes
 * Level 1.9 Translocations
 * Level 2.1 Fire Magic
 * Level 2.1 Ice Magic
 - Level 8.4 Invocations
 * Level 2.1 Evocations


You had 9 spell levels left.
You knew the following spells:

 Your Spells              Type           Power        Failure   Level  Hunger
a - Confusing Touch       Hex            #.....       41%         1    #......
b - Ensorcelled Hibernat  Hex/Ice        #.....       45%         2    ###....
c - Conjure Flame         Conj/Fire      #.......     54%         3    ###....
d - Blink                 Tloc           N/A          38%         2    ###....
e - Magic Dart            Conj           #...         19%         1    #......

Your spell library contained the following spells:

 Spells                   Type           Power        Failure   Level  Hunger
 Freeze                   Ice            #...         24%         1    #......
 Corona                   Hex            #......      41%         1    #......
 Beastly Appendage        Tmut           #.....       52%         1    #......
 Summon Small Mammal      Summ           #...         52%         1    #......
 Slow                     Hex            #.......     56%         2    ###....
 Gell's Gravitas          Tloc           #.........   63%         3    ###....
 Call Imp                 Summ           #.......     65%         2    ###....
 Sticks to Snakes         Tmut           #.......     65%         2    ###....
 Dazzling Spray           Conj/Hex       #.....       65%         3    ###....
 Mephitic Cloud           Conj/Pois/Air  #.......     77%         3    ###....
 Confuse                  Hex            #.......     80%         3    ###....
 Tukima's Dance           Hex            #.......     80%         3    ###....
 Summon Guardian Golem    Hex/Summ       #.......     83%         3    ###....
 Call Canine Familiar     Summ           #.......     87%         3    ###....
 Spider Form              Tmut/Pois      #.........   87%         3    ###....
 Ice Form                 Ice/Tmut       #.......     98%         4    #####..
 Summon Ice Beast         Ice/Summ       #.......     98%         4    #####..
 Petrify                  Tmut/Erth      #.......     99%         4    #####..
 Summon Lightning Spire   Summ/Air       #.......     99%         4    #####..
 Blade Hands              Tmut           #.........   100%        5    ######.
 Metabolic Englaciation   Hex/Ice        #.........   100%        5    ######.
 Yara's Violent Unravell  Hex/Tmut       #.........   100%        5    ######.


Dungeon Overview and Level Annotations

Branches:
Dungeon (15/15)            Temple (1/1) D:4            Lair (1/6) D:9
    Orc (2/2) D:10            Elf (1/3) Orc:2        Vaults (0/5) D:14
 Depths (0/5) D:15        Ossuary (visited)           IceCv (visited)
Gauntlet (visited)

Altars:
Ashenzari
Cheibriados
Dithmenos
Elyvilon
Fedhas
Gozag
Hepliaklqana
Kikubaaqudgha
Makhleb
Nemelex Xobeh
Okawaru
Qazlal
Ru
Sif Muna
Trog
Uskayaw
Wu Jian
Xom
Yredelemnul
Zin
The Shining One
Beogh

Shops:
D:5 }??   D:6 %   Orc:1 :   Orc:2 ([=%   Elf:1 (

Annotations:
D:9 exclusions: 2 doors and downstairs
D:12 exclusion: 2 downstairs
D:14 exclusion: downstairs
D:15 exclusion: zombie
Orc:1 3 runed translucent doors, Cieqo's ghost, journeyman SpEn; Jubapnub's ghost, journeyman MfFi; Unku's ghost, journeyman HOAs; VincentAMV's ghost, journeyman GrFi; duckroller's ghost, journeyman HOMo
Orc:2 exclusion: upstairs


Innate Abilities, Weirdness & Mutations

You cannot wear most types of armour.
You are very stealthy in the water. (Stealth+)
You are amphibious.
You can wear up to eight rings at the same time.
You can use your tentacles to constrict eight enemies at once.
Your skin changes colour to match your surroundings (Stealth+).
Your rubbery body absorbs attacks. (AC +1, EV +1)


Message History

The deep elf archer blinks!
As you read the scroll of teleportation, it crumbles to dust.
You feel strangely unstable.
The deep elf archer shoots an arrow.
The arrow closely misses you.
You puncture the deep elf archer!
The deep elf archer is poisoned.
Your grab misses the deep elf archer. You squeeze the deep elf archer!
The deep elf archer is heavily wounded.
You block the deep elf archer's attack.
The deep elf archer shoots an arrow.
The arrow closely misses you.
You closely miss the deep elf archer. Your grab misses the deep elf archer.
Your squeeze misses the deep elf archer.
The deep elf archer is heavily wounded.
The deep elf archer hits you with a +0 short sword!!
* * * LOW HITPOINT WARNING * * *
Unknown command.
You are confused.
You feel invigorated.
The deep elf archer hits you with a +0 short sword!!
You die...
Fedhas appreciates your contribution to the ecosystem.

..........#
#......)# ......§e.#
#.......# .e...[ee##
#.......#
e.e....#§##
#.......#
#########§##
##'.....'## ##§##
##.#######.# ##§##
##.## ##.
##§###+###'## #.
##+#@....## ##.
##e......## ##≈.
#.........# #≈≈.
#.........#######≈≈∩
#.........+......≈≈≈
#.........########≈≈
#...e.....# ###
##.......## #
##.?...##


You could see 2 deep elf archers.

Vanquished Creatures
  Jorgrun (Elf:1)
  2 orc warlords (Orc:2)
  A deep elf demonologist (Elf:1)
  Harold (D:8)
  A rakshasa (D:14)
  3 vault guards (D:14)
  3 death knights
  Erica (Lair:1)
  A tengu warrior (Gauntlet)
  3 two-headed ogres
  A catoblepas (D:12)
  A dancing weapon (Elf:1)
  Urug (D:12)
  A deep elf knight (Elf:1)
  2 skeletal warriors (D:13)
  3 deep elf archers (Elf:1)
  2 wizards
  2 orc knights (Orc:2)
  A phantasmal warrior (D:13)
  5 ugly things
  2 orc sorcerers (Orc:2)
  2 cyclopes
  8 deep elf magi
  2 manticores (D:15)
  A salamander (D:15)
  3 gargoyles
  5 centaur skeletons
  3 kobold demonologists
  A rime drake (Lair:1)
  2 tengu conjurers (Gauntlet)
  8 trolls
  A hornet (D:10)
  2 dream sheep (D:9)
  4 hippogriffs
  A spriggan (shapeshifter) (D:14)
  2 wraiths
  3 wyverns
  A basilisk (D:15)
  7 humans (D:14)
  22 yaks
  3 hungry ghosts
  Grum (D:8)
  7 vampire mosquitoes
  Menkaure (D:7)
  A warg (Orc:2)
  An acid dragon (D:13)
  A harpy simulacrum (Gauntlet)
  A soldier ant (D:11)
  A water moccasin (D:13)
  A porcupine (D:9)
  A meliai simulacrum (D:14)
  6 sky beasts
  2 black bears
  28 orc warriors
  3 eyes of draining
  11 ice beasts
  7 ogres
  2 phantoms
  5 centaurs
  4 wolves (D:8)
  A crocodile (D:9)
  16 bullfrogs
  5 big kobolds
  A wyvern zombie (Ossuary)
  A water moccasin zombie (Ossuary)
  A wyvern skeleton (D:14)
  5 scorpions
  20 wights
  4 howler monkeys
  4 centaur zombies
  5 jellies
  4 bullfrog zombies
  5 hounds
  12 crimson imps
  2 bullfrog skeletons
  A gnoll shaman (D:4)
  31 orc priests
  26 orc wizards
  Natasha (thrice) (D:2)
  An iguana (D:13)
  9 worker ants
  A killer bee zombie (Ossuary)
  2 hound zombies
  A hound skeleton (D:6)
  21 mummies
  A worker ant zombie (Ossuary)
  5 gnolls (D:4)
  A howler monkey skeleton (D:11)
  2 river rats (D:10)
  10 adders
  3 shadow imps
  2 oozes
  An adder skeleton (D:5)
  A worm (D:6)
  3 leopard geckos
  88 orcs
  11 giant cockroaches
  8 hobgoblins
  20 kobolds
  2 quokkas
  5 bats (D:1)
  5 frilled lizards
  10 goblins
  2 jackal zombies
  A leopard gecko zombie (Ossuary)
  2 quokka zombies
  4 rats
  A ballistomycete spore (Orc:2)
573 creatures vanquished.

Vanquished Creatures (collateral kills)
  A freezing wraith (D:13)
  18 ballistomycete spores
19 creatures vanquished.

Vanquished Creatures (others)
  A human (D:14)
  7 ballistomycete spores
8 creatures vanquished.

Grand Total: 600 creatures vanquished

Notes
Turn   | Place    | Note
-------+----------+-------------------------------------------
     0 | D:1      | honlan the Octopode Fighter began the quest for the Orb.
     0 | D:1      | Reached XP level 1. HP: 16/16 MP: 1/1
    59 | D:1      | Reached XP level 2. HP: 18/21 MP: 2/2
   609 | D:1      | Reached XP level 3. HP: 22/27 MP: 3/3
   780 | D:2      | Noticed Natasha
   787 | D:2      | Killed Natasha
   787 | D:2      | Reached skill level 4 in Fighting
   787 | D:2      | Reached skill level 1 in Stealth
  1010 | D:2      | Reached XP level 4. HP: 26/33 MP: 4/4
  1120 | D:2      | Noticed Natasha
  1127 | D:2      | Killed Natasha
  1128 | D:2      | Noticed Natasha
  1139 | D:2      | Killed Natasha
  1139 | D:2      | Reached skill level 1 in Short Blades
  1401 | D:2      | Reached XP level 5. HP: 32/38 MP: 5/5
  1585 | D:2      | Found a hazy altar of Hepliaklqana.
  1825 | D:2      | Found a white marble altar of Elyvilon.
  1878 | D:2      | Found a basalt altar of Yredelemnul.
  2512 | D:4      | Found an iron altar of Okawaru.
  2512 | D:4      | Found an opulent altar of Gozag.
  2585 | D:4      | Reached XP level 6. HP: 43/45 MP: 6/6
  2675 | D:4      | Reached skill level 5 in Fighting
  2890 | D:4      | Reached skill level 5 in Stealth
  3245 | D:4      | Found a staircase to the Ecumenical Temple.
  3255 | Temple   | Entered the Ecumenical Temple
  3302 | Temple   | Became a worshipper of Fedhas Madash
  3429 | D:4      | Reached XP level 7. HP: 50/50 MP: 7/7
  3812 | D:4      | Got a shimmering rapier
  3813 | D:4      | Identified the cursed +0 rapier "Luugo" {pierce, rElec
                  | rPois rF+} (You found it on level 4 of the Dungeon)
  3852 | D:5      | Entered Level 5 of the Dungeon
  3862 | D:5      | Reached skill level 1 in Throwing
  3863 | D:5      | Found Sipsah's Gadget Shop.
  3942 | D:5      | Found a sand-covered staircase.
  3950 | Ossuary  | Entered an ossuary
  4046 | Ossuary  | Reached XP level 8. HP: 45/57 MP: 8/8
  4070 | Ossuary  | Reached * piety under Fedhas
  4070 | Ossuary  | Reached skill level 6 in Fighting
  4089 | Ossuary  | Reached skill level 5 in Short Blades
  5242 | D:5      | Found Reela's Magic Scroll Shop.
  5344 | D:5      | Reached XP level 9. HP: 60/63 MP: 9/9
  5500 | D:5      | Found the +0 staff of Battle
  5586 | D:5      | Reached skill level 7 in Fighting
  5668 | D:5      | Reached ** piety under Fedhas
  5680 | D:5      | Found Duzaag's Magic Scroll Emporium.
  6510 | D:6      | Found Itoc's Food Boutique.
  6850 | D:6      | Found a burning altar of Makhleb.
  6850 | D:6      | Noticed a green death
  6853 | D:6      | Noticed a smoke demon
  6989 | D:7      | Found a glowing silver altar of Zin.
  7267 | D:7      | Reached *** piety under Fedhas
  7289 | D:7      | Reached skill level 1 in Invocations
  7340 | D:7      | Noticed Menkaure
  7348 | D:7      | Killed Menkaure
  7360 | D:7      | Noticed a kobold demonologist
  7363 | D:7      | Noticed a kobold demonologist
  7370 | D:7      | Noticed a rust devil
  7500 | D:7      | Killed a kobold demonologist
  7500 | D:7      | Reached XP level 10. HP: 72/72 MP: 11/11
  7523 | D:7      | Found a glowing golden altar of the Shining One.
  7601 | D:7      | Got a crude trident
  7602 | D:7      | Identified the +9 trident of Royalism {venom, +Fly rC+
                  | Str-2 Int+3} (You found it on level 7 of the Dungeon)
  7739 | D:7      | Reached skill level 10 in Stealth
  7817 | D:7      | Noticed a smoke demon
  7823 | D:7      | Killed a kobold demonologist
  8160 | D:8      | Noticed Harold
  8272 | D:8      | Reached skill level 8 in Fighting
  8289 | D:8      | Killed Harold
  8289 | D:8      | Reached skill level 5 in Shields
  8731 | D:8      | Noticed Grum
  8736 | D:8      | Killed Grum
  9260 | D:8      | Reached **** piety under Fedhas
  9547 | D:9      | Found an ornate altar of the Wu Jian Council.
  9600 | D:9      | You fall into a shaft and drop 2 floors!
  9622 | D:11     | Reached XP level 11. HP: 69/78 MP: 14/14
  9652 | D:11     | Found a frozen archway.
  9727 | D:11     | Reached skill level 5 in Invocations
  9877 | D:11     | Noticed a cyan ugly thing
 10001 | IceCv    | Entered an ice cave
 10144 | D:11     | Killed a cyan ugly thing
 10144 | D:11     | Reached skill level 9 in Fighting
 10144 | D:11     | Reached skill level 1 in Evocations
 10210 | D:11     | Noticed a cyclops
 10247 | D:11     | Noticed a two-headed ogre
 10280 | D:11     | Killed a cyclops
 10284 | D:11     | Reached skill level 5 in Polearms
 10508 | D:10     | Entered Level 10 of the Dungeon
 10523 | D:10     | Found a staircase to the Orcish Mines.
 10538 | D:10     | Noticed a two-headed ogre
 11355 | D:9      | Paralysed by fainting for 8 turns
 11562 | D:9      | Found a staircase to the Lair.
 11735 | D:9      | Reached skill level 5 in Throwing
 12027 | D:9      | Reached ***** piety under Fedhas
 12319 | D:10     | Killed a two-headed ogre
 12554 | D:9      | Killed a two-headed ogre
 12960 | D:10     | Reached XP level 12. HP: 82/87 MP: 16/16
 13000 | D:10     | Reached skill level 10 in Fighting
 15003 | D:12     | Found a gate leading to a gauntlet.
 15136 | Gauntlet | Entered a Gauntlet
 15136 | Gauntlet | Found a transporter.
 15136 | Gauntlet | Found a runed translucent gate.
 15136 | Gauntlet | Found a runed translucent gate.
 15136 | Gauntlet | Noticed a tengu warrior
 15140 | Gauntlet | Found a runed translucent gate.
 15145 | Gauntlet | Found a transporter.
 15147 | Gauntlet | Found a transporter.
 15158 | Gauntlet | Found a transporter.
 15170 | Gauntlet | Found a transporter.
 15188 | Gauntlet | Found a transporter.
 15201 | Gauntlet | Found a transporter.
 15208 | Gauntlet | Found a transporter.
 15211 | Gauntlet | Noticed a catoblepas
 15229 | Gauntlet | Found a transporter.
 15243 | Gauntlet | Found a transporter.
 15243 | Gauntlet | Found a transporter.
 15245 | Gauntlet | Noticed a death scarab
 15290 | Gauntlet | Found a transporter.
 15304 | Gauntlet | Found a transporter.
 15314 | Gauntlet | Found a transporter.
 15470 | Gauntlet | Killed a tengu warrior
 15850 | Gauntlet | Reached skill level 11 in Fighting
 15926 | Gauntlet | Noticed a minotaur
 16352 | D:12     | Learned a level 1 spell: Confusing Touch
 16742 | D:12     | Noticed a catoblepas
 16747 | D:12     | Killed a catoblepas
 16812 | D:12     | Noticed Urug
 16818 | D:12     | Killed Urug
 17041 | D:12     | Found a glowing golden altar of the Shining One.
 17237 | D:13     | Reached XP level 13. HP: 86/96 MP: 19/19
 18150 | D:13     | Reached skill level 12 in Fighting
 20125 | D:14     | Noticed a rakshasa
 20136 | D:14     | Killed a rakshasa
 20630 | D:15     | Entered Level 15 of the Dungeon
 21209 | D:14     | Noticed a vault guard
 21235 | D:14     | Killed a vault guard
 21422 | D:14     | Noticed a vault guard
 21451 | D:14     | Killed a vault guard
 21630 | D:14     | Noticed a vault guard
 21643 | D:14     | Killed a vault guard
 21820 | D:14     | Found a gate to the Vaults.
 22084 | D:15     | Reached skill level 13 in Fighting
 22149 | D:15     | Found a staircase to the Depths.
 22149 | D:15     | Noticed a dire elephant
 22157 | D:15     | Reached skill level 5 in Dodging
 22551 | D:13     | Reached XP level 14. HP: 63/106 MP: 20/20
 22911 | D:5      | Bought a scroll of teleportation for 36 gold pieces
 22911 | D:5      | Bought a scroll of blinking for 90 gold pieces
 22915 | D:5      | Learned a level 2 spell: Ensorcelled Hibernation
 23002 | Lair:1   | Entered Level 1 of the Lair of Beasts
 23157 | Lair:1   | Noticed Erica
 23162 | Lair:1   | Killed Erica
 23162 | Lair:1   | Reached skill level 10 in Polearms
 23487 | Orc:1    | Entered Level 1 of the Orcish Mines
 23492 | Orc:1    | Found Eclen's Book Boutique.
 23637 | Orc:1    | Bought a book of Minor Magic for 240 gold pieces
 23641 | Orc:1    | Learned a level 3 spell: Conjure Flame
 23644 | Orc:1    | Learned a level 2 spell: Blink
 23646 | Orc:1    | Learned a level 1 spell: Magic Dart
 23739 | Orc:1    | Found a runed translucent gate.
 23739 | Orc:1    | Found a runed translucent gate.
 23739 | Orc:1    | Found a runed translucent gate.
 23751 | Orc:1    | Noticed Jubapnub's ghost (journeyman MfFi)
 23751 | Orc:1    | Noticed Unku's ghost (journeyman HOAs)
 23752 | Orc:1    | Noticed VincentAMV's ghost (journeyman GrFi)
 23752 | Orc:1    | Noticed Cieqo's ghost (journeyman SpEn)
 23753 | Orc:1    | Noticed duckroller's ghost (journeyman HOMo)
 23863 | Orc:1    | Found a shimmering blue altar of Sif Muna.
 23924 | Orc:1    | Identified Sif Muna's Catalogue of Ice
 24073 | Orc:2    | Entered Level 2 of the Orcish Mines
 24110 | Orc:2    | Found a staircase to the Elven Halls.
 24280 | Orc:2    | Found a roughly hewn altar of Beogh.
 24374 | Orc:2    | Found a roughly hewn altar of Beogh.
 24552 | Orc:2    | Reached skill level 1 in Spellcasting
 24552 | Orc:2    | Reached skill level 1 in Ice Magic
 24554 | Orc:2    | Noticed an orc warlord
 24909 | Orc:2    | Killed an orc warlord
 24909 | Orc:2    | Reached skill level 1 in Fire Magic
 25014 | Orc:2    | Found a roughly hewn altar of Beogh.
 25062 | Orc:2    | Found a roughly hewn altar of Beogh.
 25092 | Orc:2    | Found Halur's Food Emporium.
 25188 | Orc:2    | Found a roughly hewn altar of Beogh.
 25197 | Orc:2    | Found Fuewn's Jewellery Boutique.
 25199 | Orc:2    | Reached skill level 1 in Conjurations
 25363 | Orc:2    | Noticed an orc warlord
 25387 | Orc:2    | Killed an orc warlord
 25387 | Orc:2    | Reached skill level 1 in Translocations
 25406 | Orc:2    | Reached ****** piety under Fedhas
 25505 | Orc:2    | Found a roughly hewn altar of Beogh.
 25505 | Orc:2    | Found Wishrig's Antique Armour Shop.
 25508 | Orc:2    | Found Sapycs's Antique Weapon Boutique.
 25674 | Orc:2    | Bought the ring "Nethryij" {+Blink rPois rF- Str+3 Slay+5}
                  | for 651 gold pieces
 25677 | Orc:2    | Bought the ring of the Prince of Darkness {rPois rN++ MP+9
                  | Str+3 Dex-5} for 450 gold pieces
 25861 | Elf:1    | Entered Level 1 of the Elven Halls
 25861 | Elf:1    | Noticed Jorgrun
 25873 | Elf:1    | Killed Jorgrun
 26501 | Elf:1    | Noticed a deep elf demonologist
 26516 | Elf:1    | Killed a deep elf demonologist
 26643 | Elf:1    | Found Ranlynus's Weapon Shoppe.
 26651 | Elf:1    | Bought 5 curare-tipped darts for 48 gold pieces
 26850 | Elf:1    | Mangled by a deep elf archer

Levels and vault maps discovered:
D:1:      dpeg_arrival_simpleton_c, layout_rooms
D:2:      layout_basic, kennysheep_ying_yang, lemuel_coloured_pillars_altar,
          first_ration, uniq_natasha
D:3:      layout_basic
D:4:      layout_basic, nicolae_overflow_hidden_temple,
          minmay_temple_entry_poolview
D:5:      lemuel_ice_spiral_2, layout_basic, gup_ossuary_entry_pyramid,
          serial_shops, kennysheep_mini_moat, shop, shop_statue,
          kennysheep_small_square
D:6:      layout_loops_ring, makhleb_altar_promises_db, serial_shops,
          nicolae_shop_trees
D:7:      layout_cave_pods, old_standard_altar, marbit_many_paths, uniq_menkaure
D:8:      layout_loops_ring, uniq_harold, uniq_grum
D:9:      layout_roguey, nicolae_overflow_crystal_walls, lair_entry_dummy,
          hangedman_ranch [blue_anna_fruit_fields], serial_bayou_lagoon_a,
          minivault_22
D:10:     layout_cave_pools, orc_0_dummy, pond
D:11:     layout_basic, portal_ice_cave_entry_ice_beasts, hex_medium
D:12:     layout_loops_corners, gauntlet_entry_generic,
          nicolae_tso_swordbearing_angel, uniq_urug
D:13:     layout_basic
D:14:     layout_stronghold, ximxim_vaults_locker_room, chequers_arboretum,
          nicolae_straight_to_the_point
D:15:     hangedman_depths_entry_try_elsewhere_first, layout_rooms,
          chequers_garden, minmay_misc_feat_columns
Temple:   minmay_temple_bridge_abc
Lair:1:   layout_misc_corridors, grunt_megastairs_4, uniq_erica
Orc:1:    layout_diamond_mine, gammafunk_ghost_cemetery, serial_shops,
          shop_fountains, nicolae_orc_rockfall, led_sif_book
Orc:2:    grunt_orc_community_town_hall, layout_caves,
          grunt_orc_community_big_house_1, grunt_orc_community_big_house_2,
          grunt_orc_community_house_3, grunt_orc_community_house_2,
          grunt_orc_community_house_3, grunt_orc_community_house_3,
          grunt_orc_community_house_2
Elf:1:    layout_geoelf_octagon, serial_shops, nicolae_shop_waterfront,
          hangedman_elf_represent, uniq_asterion, uniq_agnes, uniq_jorgrun

Skill      XL: |  1  2  3  4  5  6  7  8  9 10 11 12 13 14 |
---------------+-------------------------------------------+-----
Fighting       | 4 5 6 7 8 9 11 13 | 13.5
Stealth        | 2 3 4 5 6 7 9 11 | 11.2
Short Blades   | 1 2 4 6 7 |  7.5
Throwing       | 2 3 4 5 6 8 9 |  9.2
Shields        | 4 5 7 8 |  8.0
Invocations    | 2 4 6 8 |  8.4
Polearms       | 4 6 7 9 11 | 11.3
Evocations     | 1 2 |  2.1
Dodging        | 5 |  5.5
Spellcasting   | 2 |  2.6
Ice Magic      | 2 |  2.1
Fire Magic     | 2 |  2.1
Conjurations   | 2 |  2.7
Translocations | 1 |  1.9
Hexes          | |  0.6

Action                   |  1- 3 |  4- 6 |  7- 9 | 10-12 | 13-15 || total
-------------------------+-------+-------+-------+-------+-------++-------
Melee: Trident           |    14 |       |       |   121 |   282 ||   417
       Constrict         |    13 |    23 |    53 |    65 |    70 ||   224
       Tentacles         |     7 |    13 |    52 |   134 |    90 ||   296
       Short sword       |    35 |    90 |   224 |   434 |   181 ||   964
       Rapier            |       |       |    12 |       |     4 ||    16
Throw: Dart              |       |    19 |    17 |    32 |    98 ||   166
       Boomerang         |       |       |    12 |    33 |    38 ||    83
       Javelin           |       |       |       |       |     8 ||     8
Invok: Wall of Briars    |       |       |       |     3 |     4 ||     7
       Grow Ballistomyce |       |       |       |     4 |     2 ||     6
Evoke: Wand              |       |       |       |     8 |     9 ||    17
  Use: Scroll            |       |     4 |     8 |    10 |    13 ||    35
       Potion            |       |       |     4 |    13 |     2 ||    19
 Stab: Sleeping          |     7 |     9 |    19 |    36 |    29 ||   100
       Distracted        |       |       |     2 |       |     1 ||     3
       Confused          |       |       |       |       |     3 ||     3
  Eat: Chunk             |       |     7 |    10 |    28 |    35 ||    80
       Ration            |       |       |     1 |     2 |     2 ||     5
Armor: Skin              |     5 |     2 |     5 |    16 |     2 ||    30
Dodge: Dodged            |    19 |    18 |    37 |   193 |   104 ||   371
Block: Shield            |    17 |    35 |    51 |   194 |   117 ||   414
